 Dungeon Crawl Stone Soup version 0.29.0-4-gdea44cf6ec (webtiles) character file.

Game seed: 254309070495904045

100 qw the Chopper (level 4, 0/26 HPs)
             Began as a Tengu Warper on Aug 28, 2022.
             Slain by an adder (1 damage)
             ... on level 2 of the Dungeon.
             The game lasted 00:00:12 (2088 turns).

qw the Chopper (Tengu Warper)                       Turns: 2088, Time: 00:00:12

Health: 0/26       AC:  3    Str: 14    XL:     4   Next: 74%
Magic:  8/8        EV: 12    Int: 13    God:
Gold:   141        SH:  0    Dex: 13    Spells: 7/7 levels left

rFire   . . .      SeeInvis +   h - +0 war axe
rCold   . . .      Faith    .   (no shield)
rNeg    . . .      Spirit   .   b - +0 leather armour
rPois   .          Reflect  .   (helmet restricted)
rElec   .          Harm     .   (no cloak)
rCorr   .          Rampage  .   (no gloves)
Will    .....                   (boots unavailable)
Stlth   +.........              (no amulet)
HPRegen 0.08/turn               g - ring of see invisible
MPRegen 0.11/turn               (no ring)

@: lethally poisoned (0 -> -3)
A: beak, talons 3
a: no special abilities


You were on level 2 of the Dungeon.
You visited 1 branch of the dungeon, and saw 2 of its levels.

You collected 141 gold pieces.


Innate Abilities, Weirdness & Mutations

You have a beak for a mouth.
You have claws for feet.


   Skills:
 - Level 2.0 Fighting
 + Level 5.3 Axes
 - Level 1.0 Throwing
 - Level 1.1 Armour
 - Level 2.1 Dodging
 - Level 2.0 Spellcasting
 - Level 2.4 Translocations


You had 7 spell levels left.
You didn't know any spells.
Your spell library contained the following spells:

 Spells                   Type           Power      Damage    Failure   Level
 Blink                    Tloc           14%        N/A       19%         2
 Gell's Gravitas          Tloc           7%         N/A       34%         3
 Lesser Beckoning         Tloc           7%         N/A       34%         3
 Teleport Other           Tloc           7%         N/A       34%         3
 Manifold Assault         Tloc           7%         N/A       97%         5

Inventory:

Hand Weapons
 d - a +0 whip
 h - a +0 war axe (weapon)
Missiles
 i - 3 boomerangs (quivered)
Armour
 b - a +0 leather armour (worn)
 c - the +0 leather armour of the Pink Corner {Dex+2}
   (You found it on level 2 of the Dungeon)

   Dex:       It affects your dexterity (+2).
Jewellery
 g - a ring of see invisible (left hand)
 k - a ring of resist corrosion
Scrolls
 a - a scroll of enchant armour
 l - a scroll of teleportation {unknown}
 m - 2 scrolls of identify
Potions
 e - 2 potions of heal wounds {unknown}
 f - a potion of curing
 j - a potion of haste {unknown}

Dungeon Overview and Level Annotations

Branches:
Dungeon (2/15)

Altars:


Message History

The adder is almost dead.
You barely miss the adder. The adder barely misses you.
The adder bites you but does no damage. The adder bites you.
You are poisoned.
The adder poisons you! The adder bites you but does no damage.
You closely miss the adder.
The adder is almost dead.
You hit the adder.
You feel very sick. The adder closely misses you. The adder bites you.
You are more poisoned.
The adder poisons you!
You hit the adder.
You kill the adder!
You barely miss the adder.
You feel sick. The adder barely misses you. The adder bites you.
You closely miss the adder. Your peck misses the adder.
The adder is lightly wounded.
You feel very sick. The adder completely misses you. The adder bites you.
You barely miss the adder. Your kick misses the adder.
Your peck misses the adder.
The adder is lightly wounded.
You feel sick. The adder barely misses you.
You miss the adder.
The adder is lightly wounded.
You feel sick. The adder barely misses you. The adder bites you.
You hit the adder. Your peck misses the adder.
The adder is heavily wounded.
You feel sick. The adder bites you.
You are lethally poisoned!
The adder poisons you! The adder barely misses you.
You barely miss the adder. Your kick misses the adder.
The adder is heavily wounded.
You feel sick. The adder closely misses you.
You barely miss the adder.
The adder is heavily wounded.
You feel sick. The adder bites you.
You die...

#.# ....... ##..# #.#
.......##.... #.# ............
#.# #.# ........... #)# #.#
....>.....# #.# #.# ..........#
#. #######.# #.#
########..S...#.#.##.......# #.#
#..........@..#.#.####.....#
#.####.#####.......#.#<...+.....#
#........#.....###.#......#.....#
.......#.#.......#.#......#.....#
########.#.........#......#.....#
#......#.#.........#......<.....#
#.####.#.#.......#.#............#
#.##.....'.......#.........#..#.#
#%##...#.#.....#.#.........#).#.#


You could see an adder.

Vanquished Creatures
  An adder (D:2)
  3 gnolls (D:2)
  A worm (D:2)
  3 dart slugs
  2 endoplasms
  4 goblins
  A hobgoblin (D:1)
  4 jackals (D:2)
  10 kobolds
  2 quokkas (D:2)
  7 ball pythons
  10 bats
  2 frilled lizards (D:2)
  6 rats
56 creatures vanquished.

Notes
Turn   | Place    | Note
-------+----------+-------------------------------------------
     0 | D:1      | qw the Tengu Warper began the quest for the Orb.
     0 | D:1      | Reached XP level 1. HP: 12/12 MP: 4/4
     0 | D:1      | 0 ||| qw: Version: 0.1-a-89-g26bdef1
     0 | D:1      | 0 ||| qw: Game counter: 3289
     0 | D:1      | 0 ||| qw: Always use a shield: true
     0 | D:1      | 0 ||| qw: God list: Okawaru
     0 | D:1      | 0 ||| qw: Allow faded altars: false
     0 | D:1      | 0 ||| qw: Do Orc after D:15 true
     0 | D:1      | 0 ||| qw: Do second Lair branch before Depths: true
     0 | D:1      | 0 ||| qw: Lair rune preference: random
     0 | D:1      | 0 ||| qw: Plans: Normal
     0 | D:1      | 0 ||| PLANNING D:1-11
   183 | D:1      | Reached skill level 3 in Axes
   183 | D:1      | Reached XP level 2. HP: 17/17 MP: 6/6
   970 | D:1      | 970 ||| UPGRADING to ring of see invisible.
   971 | D:1      | 971 ||| READING 2 scrolls labelled GEOTIOD CYNNO.
   972 | D:1      | 972 ||| READING scroll labelled POEHOSHR MUPNE.
   973 | D:1      | 973 ||| READING scroll labelled TIOMPE SESEKOZ.
   974 | D:1      | 974 ||| READING scroll labelled DIPHUSO NAHO.
   975 | D:1      | 975 ||| DRINKING 2 pink potions.
   976 | D:1      | 976 ||| DROPPING scroll of blinking.
  1020 | D:2      | Reached XP level 3. HP: 20/21 MP: 7/7
  1052 | D:2      | 1052 ||| Stepping ~*~*~tactically~*~*~ (stealth).
  1054 | D:2      | 1054 ||| Stepping ~*~*~tactically~*~*~ (stealth).
  1058 | D:2      | Reached skill level 4 in Axes
  1088 | D:2      | 1088 ||| Stepping ~*~*~tactically~*~*~ (stealth).
  1090 | D:2      | 1090 ||| FLEEEEING.
  1161 | D:2      | Reached XP level 4. HP: 14/26 MP: 8/8
  1369 | D:2      | Identified the +0 leather armour of the Pink Corner {Dex+2}
  1411 | D:2      | 1411 ||| Stepping ~*~*~tactically~*~*~ (stealth).
  1415 | D:2      | 1415 ||| Stepping ~*~*~tactically~*~*~ (stealth).
  1434 | D:2      | 1434 ||| FLEEEEING.
  1435 | D:2      | 1435 ||| FLEEEEING.
  1436 | D:2      | 1436 ||| FLEEEEING.
  1437 | D:2      | 1437 ||| FLEEEEING.
  1451 | D:2      | 1451 ||| Stepping ~*~*~tactically~*~*~ (stealth).
  1625 | D:2      | 1625 ||| SWAPPING to +0 war axe.
  1647 | D:2      | 1647 ||| DROPPING +0 hand axe.
  1704 | D:2      | Reached skill level 5 in Axes
  1745 | D:2      | 1745 ||| Stepping ~*~*~tactically~*~*~ (stealth).
  1862 | D:2      | 1862 ||| Stepping ~*~*~tactically~*~*~ (hiding).
  2086 | D:2      | HP: 3/26 [adder (4)]
  2088 | D:2      | HP: 1/26 [poisoned by an adder]
  2088 | D:2      | Slain by an adder

Levels and vault maps discovered:
D:1:      heliophobic_arrival_glass_houses, layout_loops_ring
D:2:      minmay_recursive_quarters, layout_basic

Skill      XL: |  1  2  3  4 |
---------------+-------------+-----
Axes           | 3 4 5 |  5.3
Fighting       | |  2.0
Throwing       | |  1.0
Armour         | |  1.1
Dodging        | |  2.1
Spellcasting   | |  2.0
Translocations | |  2.4

Action                   |  1- 3 |  4- 6 || total
-------------------------+-------+-------++-------
Melee: Hand axe          |    45 |    23 ||    68
       Kick              |     7 |    11 ||    18
       Peck              |     8 |    10 ||    18
       War axe           |       |    33 ||    33
       Punch             |       |     1 ||     1
Throw: Boomerang         |    32 |    24 ||    56
  Use: Scroll            |     4 |       ||     4
       Potion            |     1 |       ||     1
Armor: Leather armour    |    11 |     8 ||    19
Dodge: Dodged            |    31 |    39 ||    70

Table legend:
 A = Non-vault XP
 B = Vault XP
 C = Vault XP percentage of total XP
 D = Non-vault monster count
 E = Vault monster count
 F = Vault count percentage of total count
                 A         B        C        D         E       F
            +---------+---------+-------+---------+---------+-------
      Total |     132 |      12 |   8.3 |      49 |       7 |  12.5
            +---------+---------+-------+---------+---------+-------
        D:1 |      28 |       0 |   0.0 |      19 |       0 |   0.0
        D:2 |     104 |      12 |  10.3 |      30 |       7 |  18.9
            +---------+---------+-------+---------+---------+-------
